AoeStats
← alrocd01

Arabia

510805452Analyzed
1v1 RM · 14h ago on Oct 2, 2026· 42m 51s· 2 players
Game mode
Random Map
Map size
Tiny (2 player)
Population
200
Speed
Normal
Resources
Standard
Victory
Conquest
Starting age
Dark Age
Ending age
Imperial Age
RankedLock teamsTeams togetherTeam positionsShared explorationLock speedFull tech treeHidden civsTurbo modeCheats
Victory
Defeat
🇨🇳 Spanish · China
835
+37
🇨🇷 Romans · Costa Rica
856
-17
464098739
0:45 Loom
13:42 Feudal Age
15:00 Wheelbarrow
14:16 Double-Bit Axe
14:15 Horse Collar
16:46 Stone Mining
17:20 Bloodlines
19:46 Castle Age
19:03 Gold Mining
19:32 Padded Archer Armor
20:25 Bloodlines
21:16 Bow Saw
21:34 Leather Archer Armor
21:40 Forging
30:24 Pikeman
31:05 Squires
31:29 Hand Cart
33:56 Elite Skirmisher
alrocd01
11:39 Feudal Age
12:02 Loom
15:39 Castle Age
13:52 Double-Bit Axe
14:20 Horse Collar
24:13 Elite Skirmisher
25:47 Fletching
25:58 Padded Archer Armor
27:56 Bodkin Arrow
31:19 Leather Archer Armor
31:45 Man-at-Arms
Connection lost

Rejoining the realm…

Still unreachable

The connection could not be restored.

Session expired

The server has moved on; the page needs a fresh start.